 Dungeon Crawl Stone Soup version 0.26-a0-49-g0e6732e (webtiles) character file.

Game seed: 1868044431603155984

171 Illumine the Firebug (level 5, 0/29 HPs)
             Began as a Deep Elf Fire Elementalist on June 4, 2020.
             Slain by a killer bee zombie (1 damage)
             ... on level 2 of the Dungeon.
             The game lasted 00:03:54 (2075 turns).

Illumine the Firebug (Deep Elf Fire Elementalist)   Turns: 2075, Time: 00:03:54

Health: 0/29       AC:  4    Str:  5    XL:     5   Next: 26%
Magic:  8/13       EV: 14    Int: 21    God:
Gold:   65         SH:  0    Dex: 15    Spells: 11/12 levels left

rFire    . . .     SeeInvis .   p - +1 short sword (venom)
rCold    . . .     Gourm    .   (no shield)
rNeg     . . .     Faith    .   a - +0 robe
rPois    .         Spirit   .   (no helmet)
rElec    .         Reflect  .   (no cloak)
rCorr    .         Harm     .   e - +1 pair of gloves
MR       .....                  (no boots)
Stlth    ++........             (no amulet)
HPRegen  0.09/turn              (no ring)
MPRegen  0.13/turn              (no ring)

@: brilliant
A: no striking features
a: no special abilities


You were on level 2 of the Dungeon.
You were not hungry.

You visited 1 branch of the dungeon, and saw 2 of its levels.

You collected 65 gold pieces.

Inventory:

Hand Weapons
 p - a +1 short sword of venom (weapon)
Missiles
 d - 5 atropa-tipped darts (quivered)
 o - 8 boomerangs
Armour
 a - a +0 robe (worn)
 e - a +1 pair of gloves (worn)
Jewellery
 k - an uncursed ring of ice {unknown}
Scrolls
 b - a scroll of fear {unknown}
 f - 2 scrolls of random uselessness {unknown}
 g - 3 scrolls of enchant weapon {unknown}
 j - 2 scrolls of remove curse {unknown}
 n - a scroll of immolation {unknown}
 r - a scroll of identify {unknown}
Potions
 h - a potion of curing {unknown}
 i - a potion of cancellation {unknown}
 l - a potion of lignification {unknown}
Comestibles
 c - 2 rations
 m - 8 chunks of flesh


   Skills:
 + Level 1.5 Fighting
 + Level 3.6 Dodging
 - Level 2.4 Stealth
 + Level 4.2 Spellcasting
 + Level 2.6 Conjurations
 + Level 4.2 Fire Magic


You had 11 spell levels left.
You knew the following spells:

 Your Spells              Type           Power        Failure   Level  Hunger
a - Foxfire               Conj/Fire      ####         3%          1    None

Your spell library contained the following spells:

 Spells                   Type           Power        Failure   Level  Hunger
 Conjure Flame            Conj/Fire      ####....     9%          3    None
 Inner Flame              Hex/Fire       ###.....     16%         3    None
 Sticky Flame             Conj/Fire      ####....     28%         4    None
 Fireball                 Conj/Fire      ####......   63%         5    None


Dungeon Overview and Level Annotations

Branches:
Dungeon (2/15)

Altars:


Message History

The killer bee zombie hits you but does no damage.
The killer bee zombie hits you.
Casting: Foxfire (safe; 3% risk of failure)
Confirm with . or Enter, or press ? or * to list all spells.
You conjure some foxfire!
The killer bee zombie barely misses you.
The killer bee zombie hits you.
* * * LOW HITPOINT WARNING * * *
The foxfire hits the killer bee zombie.
The killer bee zombie is severely damaged.
The killer bee zombie closely misses you. x2
Your +1 short sword of venom begins to drip with poison!
p - a +1 short sword of venom (weapon)
The killer bee zombie hits you.
* * * LOW HITPOINT WARNING * * *
Okay, then.
It was a potion of brilliance.
You feel clever all of a sudden. The killer bee zombie hits you.
You die...

........ ########
#####.# #@Z...#
####### #.#######
#.....# ##'##....#
#.....# #...#....#
#.....#
#...#....####.....#
#...'............^.
#...#.........###..
#...#.........# #..
####...#.........#
#..


You could see a killer bee zombie.

Vanquished Creatures
  A scorpion (D:2)
  An orc wizard (D:2)
  3 gnolls (D:2)
  2 adders (D:2)
  A worm (D:2)
  2 dart slugs
  2 leopard geckos (D:2)
  3 orcs (D:2)
  A giant cockroach (D:2)
  5 goblins (D:2)
  4 hobgoblins
  3 jackals (D:2)
  3 kobolds
  3 bats
  2 frilled lizards
  5 rats
41 creatures vanquished.

Vanquished Creatures (others)
  141 foxfires
141 creatures vanquished.

Grand Total: 182 creatures vanquished

Notes
Turn   | Place    | Note
-------+----------+-------------------------------------------
     0 | D:1      | Illumine the Deep Elf Fire Elementalist began the quest for
                  | the Orb.
     0 | D:1      | Reached XP level 1. HP: 10/10 MP: 6/6
   710 | D:1      | Reached XP level 2. HP: 15/15 MP: 5/8
  1228 | D:2      | Reached XP level 3. HP: 20/20 MP: 5/9
  1257 | D:2      | Reached skill level 1 in Fighting
  1421 | D:2      | Reached XP level 4. HP: 22/25 MP: 7/11
  1931 | D:2      | Reached XP level 5. HP: 29/29 MP: 5/13
  2074 | D:2      | HP: 1/29 [killer bee zombie (3)]
  2075 | D:2      | Slain by a killer bee zombie

Illustrated notes

Levels and vault maps discovered:
D:1:      dpeg_arrival_three_bigger_balls, layout_loops_corners
D:2:      layout_basic, solitary_fountain

Skill      XL: |  1  2  3  4 |
---------------+-------------+-----
Dodging        | 3 |  3.6
Fighting       | 1 |  1.5
Conjurations   | 2 |  2.6
Spellcasting   | 4 |  4.2
Fire Magic     | 4 |  4.2
Stealth        | |  2.4

Action                   |  1- 3 |  4- 6 || total
-------------------------+-------+-------++-------
Melee: Unarmed           |       |     1 ||     1
Throw: Dart              |       |     1 ||     1
 Cast: Foxfire           |    50 |    38 ||    88
  Use: Potion            |       |     1 ||     1
  Eat: Chunk             |     1 |     2 ||     3
Armor: Robe              |     1 |     9 ||    10
Dodge: Dodged            |    10 |    22 ||    32

Table legend:
 A = Non-vault XP
 B = Vault XP
 C = Vault XP percentage of total XP
 D = Non-vault monster count
 E = Vault monster count
 F = Vault count percentage of total count
                 A         B        C        D         E       F
            +---------+---------+-------+---------+---------+-------
      Total |     245 |       0 |   0.0 |      41 |       0 |   0.0
            +---------+---------+-------+---------+---------+-------
        D:1 |      16 |       0 |   0.0 |      10 |       0 |   0.0
        D:2 |     229 |       0 |   0.0 |      31 |       0 |   0.0
            +---------+---------+-------+---------+---------+-------
